[Event "December 12 Early 2023"]
[Site "https://www.chess.com"]
[Date "2023.12.12"]
[Round "5"]
[White "Pertinez Soria, Juan Luis"]
[Black "Mendez Fortes, Eduardo Jesus"]
[Result "0-1"]
[Board "74"]
[TimeControl "180+1"]
[WhiteFideId "2225620"]
[BlackFideId "3502376"]
[WhiteElo "2221"]
[BlackElo "2616"]
[WhiteTeam "ESP"]
[BlackTeam "CUB"]
[WhiteClock "0:00:00"]
[BlackClock "0:01:42"]

1. e4 c5 2. Nf3 d6 3. d4 cxd4 4. Nxd4 Nf6 5. Nc3 a6 6. Be3 e5 7. Nb3 Be7 8. Qd2 Ng4 9. O-O-O Nxe3 10. Qxe3 Be6 11. Nd5 Nd7 12. Kb1 O-O 13. g3 Nf6 14. Nxe7+ Qxe7 15. Bg2 a5 16. f4 a4 17. Nc1 b5 18. Rd2 b4 19. f5 Bc4 20. Rhd1 Ra6 21. g4 Nxg4 22. Qg3 Nf6 23. Bf3 Ne8 24. Rg1 f6 25. h4 h6 26. Bh5 Bf7 27. Bg6 Bxg6 28. Qxg6 Kh8 29. Nd3 Rb6 30. Nf2 Qf7 31. Qg3 b3 32. cxb3 axb3 33. a3 Nc7 34. Nd1 d5 35. exd5 Nxd5 36. Rxd5 Rc6 37. Rd3 Rfc8 38. Nc3 R6c7 39. Rgd1 Qe8 40. Qe3 Kh7 41. R1d2 Qh5 42. Qf2 Rc4 43. Rd7 Rf4 44. Qg1 Rg4 45. Rg2 Rcc4 46. Rxg7+ Kxg7 47. Rxg4+ Rxg4 48. Qa7+ Qf7 49. Qxf7+ Kxf7 50. Ne2 Re4 51. Nc1 Re1 52. a4 Ke7 53. a5 Kd7 54. a6 Kc7 55. a7 Kb7 56. a8=Q+ Kxa8 57. h5 Rd1 0-1

[Event "December 12 Early 2023"]
[Site "https://www.chess.com"]
[Date "2023.12.12"]
[Round "5"]
[White "Gruzman, Ilya"]
[Black "Chigaev, Maksim"]
[Result "0-1"]
[Board "75"]
[TimeControl "180+1"]
[WhiteFideId "2812703"]
[BlackFideId "4108116"]
[WhiteElo "2372"]
[BlackElo "2914"]
[WhiteTeam "ISR"]
[BlackTeam "ESP"]
[WhiteClock "0:01:22"]
[BlackClock "0:01:56"]

1. d4 Nf6 2. c4 g6 3. Nc3 Bg7 4. e4 d6 5. f4 O-O 6. Nf3 c5 7. d5 e6 8. Be2 exd5 9. cxd5 Nbd7 10. O-O Re8 11. Nd2 a6 12. a4 Rb8 13. Qc2 Qc7 14. a5 b5 15. axb6 Rxb6 16. Bf3 c4 17. Ne2 Rb4 18. Kh1 Nc5 19. Nd4 Nxd5 20. exd5 Bxd4 21. Nxc4 Bf5 22. Qd1 Rxc4 23. Be2 Rc2 24. Bf3 Bxb2 25. Bxb2 Rxb2 26. g4 Be4 27. Re1 Nd3 0-1

[Event "December 12 Early 2023"]
[Site "https://www.chess.com"]
[Date "2023.12.12"]
[Round "5"]
[White "Kamsky, Gata"]
[Black "Tulchynskyi, Feliks"]
[Result "0-1"]
[Board "76"]
[TimeControl "180+1"]
[WhiteFideId "2000024"]
[BlackFideId "34127895"]
[WhiteElo "2898"]
[BlackElo "2512"]
[WhiteTeam "USA"]
[BlackTeam "UKR"]
[WhiteClock "0:00:00"]
[BlackClock "0:00:04"]

1. e4 e6 2. d4 d5 3. Nc3 Nf6 4. e5 Nfd7 5. f4 c5 6. Nf3 Nc6 7. Ne2 Be7 8. c3 O-O 9. Be3 b6 10. Ng3 a5 11. a3 f5 12. exf6 Nxf6 13. Ne5 Nxe5 14. dxe5 Ne8 15. Bd3 g6 16. O-O Ng7 17. c4 Bb7 18. a4 Nf5 19. Bf2 Qd7 20. Qg4 Rad8 21. b3 Kh8 22. Rad1 Qe8 23. Qh3 Qf7 24. Ne2 dxc4 25. Bxc4 Rxd1 26. Rxd1 Rd8 27. Rxd8+ Bxd8 28. Qd3 Bc7 29. g4 Ng7 30. Bh4 Bc6 31. Bf6 Qd7 32. Qxd7 Bxd7 33. Nc3 Kg8 34. Ne4 h6 35. Kf2 Ne8 36. Ke3 Kf7 37. g5 h5 38. Nc3 Bc6 39. Nb5 Bxb5 40. Bxb5 Ng7 41. Kd3 Nf5 42. Bd7 Nd4 43. Kc4 Bb8 44. h3 Bc7 45. Bc8 Ke8 46. Bb7 Kf8 47. Be4 Kf7 48. Bd3 Bb8 49. Bd8 Ba7 50. Bc7 Kg7 51. Bd6 Kf7 52. Be4 Kg7 53. Bg2 Kf7 54. Be4 Kg7 55. Bd3 Kf7 56. Kc3 Kg7 57. Bc4 Kf7 58. Kd3 Kg7 59. Ke4 Kf7 60. Bc7 Kg7 61. Ke3 Kf7 62. Kd3 Ke7 63. Ke4 Kf7 64. Bd8 Ke8 65. Bc7 Kd7 66. Bd6 Ke8 67. Kd3 Kd7 68. Kc3 Ke8 69. Bd3 Kf7 70. Kc4 Kg7 71. Bc7 Kf7 72. Bd8 Kg7 73. Be4 Kf7 74. Bf6 Bb8 75. b4 axb4 76. a5 bxa5 77. Kxc5 Ne2 78. Kb5 Nxf4 79. h4 b3 80. Ka4 b2 81. Kb3 Ba7 82. Kxb2 Bf2 83. Kc2 Bxh4 84. Kd2 Nh3 85. Ke2 Bxg5 86. Bh8 Nf4+ 87. Kf3 Nd5 88. Bc2 Nb4 89. Ba4 Nd3 90. Bb5 Nc5 91. Kg3 a4 92. Bc4 a3 93. Kf3 Na4 0-1

[Event "December 12 Early 2023"]
[Site "https://www.chess.com"]
[Date "2023.12.12"]
[Round "5"]
[White "Gavrilov, Maxim"]
[Black "Durarbayli, Vasif"]
[Result "0-1"]
[Board "77"]
[TimeControl "180+1"]
[WhiteFideId "24271454"]
[BlackFideId "13402935"]
[WhiteElo "2512"]
[BlackElo "2896"]
[WhiteTeam "RUS"]
[BlackTeam "AZE"]
[WhiteClock "0:00:02"]
[BlackClock "0:00:49"]

1. d4 d5 2. c4 c6 3. Nc3 Nf6 4. e3 e6 5. Nf3 Nbd7 6. Bd3 dxc4 7. Bxc4 b5 8. Bd3 b4 9. Na4 Bb7 10. e4 c5 11. e5 Nd5 12. O-O cxd4 13. Nxd4 Be7 14. Re1 O-O 15. Qh5 g6 16. Qh3 Nc5 17. Nxc5 Bxc5 18. Nf3 Qb6 19. Rf1 Ba6 20. Bxa6 Qxa6 21. Bg5 Qd3 22. Qh6 Rfc8 23. Rad1 Qf5 24. Qh4 Bf8 25. Bf6 Qf4 26. Qxf4 Nxf4 27. Rd2 Nd5 28. Rfd1 a5 29. g3 a4 30. Nd4 a3 31. bxa3 Rxa3 32. Nb5 Ra5 33. Nd4 Nc3 34. Rc1 Rca8 35. Nc6 Rxa2 36. Rd7 Ne2+ 37. Kg2 Nxc1 38. Rb7 Nd3 39. Nb8 Rxf2+ 40. Kh3 h5 41. Nc6 Raa2 42. g4 Rf3+ 43. Kh4 Rxh2+ 44. Kg5 hxg4 45. Ne7+ Bxe7 46. Bxe7 Rh5+ 47. Kxg4 Nxe5# 0-1

[Event "December 12 Early 2023"]
[Site "https://www.chess.com"]
[Date "2023.12.12"]
[Round "5"]
[White "Rasulov, Vugar"]
[Black "Krzywda, Andrzej"]
[Result "1-0"]
[Board "78"]
[TimeControl "180+1"]
[WhiteFideId "13402390"]
[BlackFideId "1114565"]
[WhiteElo "2888"]
[BlackElo "2512"]
[WhiteTeam "AZE"]
[BlackTeam "POL"]
[WhiteClock "0:01:21"]
[BlackClock "0:00:00"]

1. d4 d5 2. c4 dxc4 3. e3 Nf6 4. Bxc4 e6 5. Nf3 c5 6. O-O Nc6 7. Nc3 a6 8. Bd3 Be7 9. dxc5 Bxc5 10. Qe2 b5 11. a4 bxa4 12. Nxa4 Bd6 13. Nc3 Nb4 14. Bb5+ Bd7 15. Bxd7+ Qxd7 16. Rd1 O-O 17. e4 e5 18. Nxe5 Qc7 19. Nf3 Ng4 20. h3 Ne5 21. Nd4 Bc5 22. Bf4 Rfe8 23. Nf5 Qa7 24. Bg3 Ng6 25. h4 Qb7 26. h5 Nf8 27. Qg4 Ne6 28. Nxg7 Nxg7 29. h6 Bf8 30. hxg7 Bxg7 31. e5 Rad8 32. Ne4 Kh8 33. Nd6 Rxd6 34. exd6 Nc2 35. d7 Rd8 36. Rac1 Qxb2 37. Qe4 Nd4 38. Qe8+ Bf8 39. Be5+ Kg8 40. Bxd4 1-0

[Event "December 12 Early 2023"]
[Site "https://www.chess.com"]
[Date "2023.12.12"]
[Round "5"]
[White "Korchmar, Vasiliy"]
[Black "Rangel, Daniel"]
[Result "1-0"]
[Board "79"]
[TimeControl "180+1"]
[WhiteFideId "24131750"]
[BlackFideId "2124475"]
[WhiteElo "2784"]
[BlackElo "2510"]
[WhiteTeam "RUS"]
[BlackTeam "BRA"]
[WhiteClock "0:00:04"]
[BlackClock "0:00:06"]

1. e4 c5 2. d4 cxd4 3. Qxd4 Nc6 4. Qd3 Nf6 5. Nc3 g6 6. Nf3 d6 7. Be2 Bg7 8. O-O O-O 9. Nd5 Nxd5 10. exd5 Bf5 11. Qd1 Nb4 12. c3 Na6 13. Be3 Nc5 14. Nd4 Bd7 15. h4 e5 16. dxe6 Nxe6 17. h5 Nxd4 18. Bxd4 Bc6 19. Bxg7 Kxg7 20. Qd4+ Kh6 21. Rad1 Qg5 22. Qg4 Qxg4 23. Bxg4 f5 24. Be2 Rfe8 25. Rfe1 Re6 26. hxg6 hxg6 27. Bc4 Rxe1+ 28. Rxe1 d5 29. Bb3 Rd8 30. f3 d4 31. Rd1 d3 32. Bc4 d2 33. Kf2 f4 34. Ke2 Kg5 35. Rxd2 Rxd2+ 36. Kxd2 Kh4 37. Ke1 Kg3 38. Kf1 g5 39. Be6 b6 40. c4 a5 41. b3 Bxf3 42. gxf3 Kxf3 43. a3 Ke3 44. b4 axb4 45. axb4 Kd4 46. b5 g4 47. Bxg4 Kxc4 48. Be2+ Kd4 49. Kf2 Ke4 50. Bf1 Kf5 51. Kf3 Ke5 52. Be2 Kd4 53. Kxf4 Kc5 54. Ke5 Kb4 55. Kd6 Ka4 56. Kc6 Ka5 57. Bf1 1-0

[Event "December 12 Early 2023"]
[Site "https://www.chess.com"]
[Date "2023.12.12"]
[Round "5"]
[White "Grutter, Tim"]
[Black "Javakhadze, Zurab"]
[Result "1-0"]
[Board "80"]
[TimeControl "180+1"]
[WhiteFideId "1057472"]
[BlackFideId "13603647"]
[WhiteElo "2507"]
[BlackElo "2768"]
[WhiteTeam "NED"]
[BlackTeam "GEO"]
[WhiteClock "0:00:03"]
[BlackClock "0:00:00"]

1. e4 c5 2. Nc3 Nc6 3. g3 d6 4. Bg2 g6 5. Nge2 Bg7 6. O-O Nf6 7. d4 cxd4 8. Nxd4 Nxd4 9. Qxd4 O-O 10. h3 Be6 11. Qd1 Nd7 12. Be3 Ne5 13. Bd4 Qc8 14. Kh2 Qc4 15. Ne2 Rac8 16. c3 Qb5 17. b3 Qd3 18. Qxd3 Nxd3 19. c4 a6 20. Rfd1 Nc5 21. Bxg7 Kxg7 22. Nd4 Bd7 23. Rac1 b5 24. f3 b4 25. f4 a5 26. e5 dxe5 27. fxe5 Rfd8 28. Rd2 Be8 29. Rcd1 Kg8 30. Bd5 a4 31. e6 f6 32. bxa4 Bxa4 33. Rb1 Rb8 34. Rdb2 Nd3 35. Rd2 Ne5 36. Rdb2 1-0

[Event "December 12 Early 2023"]
[Site "https://www.chess.com"]
[Date "2023.12.12"]
[Round "5"]
[White "Haug, Havard"]
[Black "Dinu, Dumitru-Daniel"]
[Result "1-0"]
[Board "81"]
[TimeControl "180+1"]
[WhiteFideId "1547887"]
[BlackFideId "1208403"]
[WhiteElo "2743"]
[BlackElo "2505"]
[WhiteTeam "NOR"]
[BlackTeam "ROU"]
[WhiteClock "0:01:12"]
[BlackClock "0:00:10"]

1. e4 c5 2. c3 Nf6 3. e5 Nd5 4. Nf3 e6 5. d4 cxd4 6. cxd4 Nc6 7. Bc4 d6 8. Qe2 dxe5 9. dxe5 Bb4+ 10. Bd2 Bxd2+ 11. Nbxd2 Nb6 12. O-O O-O 13. Bb3 Nd4 14. Nxd4 Qxd4 15. Nf3 Qb4 16. Rfd1 Bd7 17. Rd4 Qc5 18. Rg4 Rac8 19. Qd2 Qe7 20. Qh6 f6 21. Qh5 f5 22. Rg3 g6 23. Qh6 Ba4 24. Ng5 Bxb3 25. axb3 a6 26. Nxh7 Qxh7 27. Rxg6+ Kh8 28. Qg5 Rf7 29. Rh6 Rg8 30. Rxh7+ Rxh7 31. Qf6+ Rhg7 32. g3 Nd5 33. Qxe6 Ne7 34. Rd1 Kh7 35. Rd7 Ng6 36. Rxg7+ Rxg7 37. Qxf5 Re7 38. e6 Kg7 39. h4 Nf8 40. Qg5+ Ng6 41. h5 Rxe6 42. hxg6 1-0

[Event "December 12 Early 2023"]
[Site "https://www.chess.com"]
[Date "2023.12.12"]
[Round "5"]
[White "Parfenov, Viktor N."]
[Black "Samunenkov, Ihor"]
[Result "0-1"]
[Board "82"]
[TimeControl "180+1"]
[WhiteFideId "4165969"]
[BlackFideId "14187086"]
[WhiteElo "2502"]
[BlackElo "2733"]
[WhiteTeam "RUS"]
[BlackTeam "UKR"]
[WhiteClock "0:01:22"]
[BlackClock "0:01:17"]

1. e4 e5 2. Nf3 Nf6 3. Nxe5 d6 4. Nf3 Nxe4 5. c4 Be7 6. Nc3 Nxc3 7. dxc3 Nc6 8. h3 Bf5 9. Bd3 Qd7 10. O-O O-O 11. Bf4 Bf6 12. Re1 Rfe8 13. Qc2 Bxd3 14. Qxd3 b6 15. Rad1 Rxe1+ 16. Rxe1 Re8 17. Re4 Re6 18. Nd4 Nxd4 19. cxd4 d5 20. Rxe6 Qxe6 21. cxd5 Qxd5 22. Bxc7 Bxd4 23. Qb1 Bxf2+ 24. Kxf2 Qc5+ 25. Kf1 Qxc7 26. Qd3 Qc1+ 0-1

[Event "December 12 Early 2023"]
[Site "https://www.chess.com"]
[Date "2023.12.12"]
[Round "5"]
[White "Krzyzanowski, Marcin"]
[Black "Kraiouchkine, Nikita"]
[Result "1-0"]
[Board "83"]
[TimeControl "180+1"]
[WhiteFideId "1132199"]
[BlackFideId "2607140"]
[WhiteElo "2724"]
[BlackElo "2500"]
[WhiteTeam "POL"]
[BlackTeam "CAN"]
[WhiteClock "0:02:34"]
[BlackClock "0:01:33"]

1. Nf3 d5 2. g3 Nf6 3. Bg2 Bg4 4. O-O Nbd7 5. c4 c6 6. d3 e6 7. Qb3 Qb6 8. Nc3 Bd6 9. Qc2 dxc4 10. dxc4 Bxf3 11. exf3 O-O 12. b3 Be5 13. Bb2 Bd4 14. Na4 1-0

[Event "December 12 Early 2023"]
[Site "https://www.chess.com"]
[Date "2023.12.12"]
[Round "5"]
[White "Reprintsev, Alexander"]
[Black "Wu, Derek"]
[Result "1-0"]
[Board "84"]
[TimeControl "180+1"]
[WhiteFideId "14100541"]
[BlackFideId "30914558"]
[WhiteElo "2497"]
[BlackElo "2704"]
[WhiteTeam "UKR"]
[BlackTeam "USA"]
[WhiteClock "0:00:19"]
[BlackClock "0:00:00"]

1. e4 c5 2. b3 e5 3. Bb2 d6 4. f4 exf4 5. Qf3 Nc6 6. Qxf4 Nge7 7. Nf3 Ng6 8. Qg3 h5 9. Bb5 h4 10. Qf2 Qb6 11. Na3 f6 12. O-O-O Be6 13. d4 cxd4 14. Nxd4 Ne5 15. Rhf1 Bg4 16. Nxc6 Nxc6 17. Qxb6 axb6 18. Rde1 O-O-O 19. Nc4 Kc7 20. a4 d5 21. Ne3 Be6 22. exd5 Bxd5 23. Nxd5+ Rxd5 24. Re8 Rd8 25. Rxd8 Nxd8 26. Rd1 Bd6 27. h3 Rh5 28. Bd4 Nf7 29. Be8 Bf4+ 30. Kb1 Rg5 31. Bxf7 Rxg2 32. Be6 Rg3 33. Bf2 Rg2 34. Bxh4 Be5 35. Rd7+ Kc6 36. Bd5+ Kxd7 37. Bxg2 Kc7 38. c4 g5 39. Bf2 f5 40. Kc2 g4 41. hxg4 fxg4 42. Kd3 Bd6 43. Bd4 g3 44. Ke4 Bb4 45. Be5+ Kc8 46. Bxg3 1-0

[Event "December 12 Early 2023"]
[Site "https://www.chess.com"]
[Date "2023.12.12"]
[Round "5"]
[White "Azali, Tannaz"]
[Black "Yaran, Siar"]
[Result "1-0"]
[Board "85"]
[TimeControl "180+1"]
[WhiteFideId "12537721"]
[BlackFideId "6323006"]
[WhiteElo "2494"]
[BlackElo "2686"]
[WhiteTeam "IRI"]
[BlackTeam "TUR"]
[WhiteClock "0:00:20"]
[BlackClock "0:00:00"]

1. e4 e5 2. Nc3 Nc6 3. Bc4 Nf6 4. d3 Na5 5. Nge2 Be7 6. O-O O-O 7. a4 Nxc4 8. dxc4 d6 9. Qd3 c6 10. b3 Qc7 11. Ba3 Rd8 12. Rad1 Be6 13. f4 exf4 14. Nxf4 Bg4 15. Rde1 Bf8 16. Qg3 Bd7 17. Bb2 Qb6+ 18. Kh1 Re8 19. Nfd5 cxd5 20. Rxf6 dxc4 21. Nd5 Qc6 22. Ref1 Be6 23. bxc4 Qxc4 24. R6f4 Bxd5 25. exd5 Qxc2 26. Bd4 Re7 27. Rg4 g6 28. Bf6 Re2 29. h4 Rae8 30. h5 R8e4 31. hxg6 Rxg4 32. Qxg4 1-0

[Event "December 12 Early 2023"]
[Site "https://www.chess.com"]
[Date "2023.12.12"]
[Round "5"]
[White "Aaditya Dhingra"]
[Black "Gutierrez Olivares, Daniel"]
[Result "1-0"]
[Board "86"]
[TimeControl "180+1"]
[WhiteFideId "25678191"]
[BlackFideId "2264005"]
[WhiteElo "2681"]
[BlackElo "2492"]
[WhiteTeam "IND"]
[BlackTeam "ESP"]
[WhiteClock "0:01:18"]
[BlackClock "0:00:00"]

1. e4 d6 2. d4 g6 3. Nc3 Bg7 4. f4 a6 5. Nf3 b5 6. Be3 Bb7 7. Bd3 Nf6 8. e5 Ng4 9. Bg1 h5 10. Qe2 e6 11. O-O-O d5 12. Ng5 Nd7 13. Bxg6 fxg6 14. Nxe6 Qe7 15. Nxc7+ Kf8 16. N3xd5 Bxd5 17. Nxd5 Qe6 18. Nb4 a5 19. d5 Qf5 20. Nd3 Bh6 21. g3 Ndxe5 22. Nxe5 Nxe5 23. Bd4 Nf7 24. Bxh8 Nxh8 25. Rhe1 Nf7 26. d6 Rd8 27. Qe7+ Kg8 28. d7 Bf8 29. Qe6 Kg7 30. Qxf5 gxf5 31. Re8 a4 32. Rd5 a3 33. Rxd8 Nxd8 34. Rxb5 axb2+ 35. Kxb2 Be7 36. Rxf5 Kg6 37. Rd5 Kf6 38. a4 h4 39. c4 Ke6 40. f5+ Kf7 41. a5 Bf6+ 42. Kc2 Nc6 43. Kb3 Bd8 44. a6 h3 45. Rd6 Ne5 46. a7 1-0

[Event "December 12 Early 2023"]
[Site "https://www.chess.com"]
[Date "2023.12.12"]
[Round "5"]
[White "Iljin, Timofey"]
[Black "Hua, Lefong"]
[Result "1-0"]
[Board "87"]
[TimeControl "180+1"]
[WhiteFideId "14110180"]
[BlackFideId "2602253"]
[WhiteElo "2493"]
[BlackElo "2678"]
[WhiteTeam "UKR"]
[BlackTeam "CAN"]
[WhiteClock "0:00:27"]
[BlackClock "0:00:17"]

1. e4 c5 2. c3 Nf6 3. e5 Nd5 4. d4 cxd4 5. Nf3 Nc6 6. cxd4 d6 7. Bc4 Nb6 8. Bxf7+ Kxf7 9. e6+ Kxe6 10. Ng5+ Kd7 11. Nf7 Qe8 12. Nxh8 g6 13. d5 Nd8 14. a4 Kc7 15. a5 Nd7 16. Nc3 a6 17. Qc2 Kb8 18. Be3 Nf6 19. Bb6 Bf5 20. Bc7+ Kc8 21. Qc1 Nc6 22. Bb6 Bg7 23. dxc6 bxc6 24. O-O Bxh8 25. Re1 e5 26. Rd1 d5 27. Nxd5 Nxd5 28. Rxd5 Kb7 29. Rd6 Be6 30. Ra3 Bd5 31. Rxd5 1-0

[Event "December 12 Early 2023"]
[Site "https://www.chess.com"]
[Date "2023.12.12"]
[Round "5"]
[White "Kovalevsky, Stanislav"]
[Black "KacperKacprzak"]
[Result "0-1"]
[Board "88"]
[TimeControl "180+1"]
[WhiteFideId "13508598"]
[WhiteElo "2485"]
[BlackElo "2676"]
[WhiteTeam "FID"]
[WhiteClock "0:00:00"]
[BlackClock "0:01:02"]

1. e4 c5 2. c3 d6 3. d4 Nf6 4. Bd3 g6 5. Nf3 Bg7 6. O-O O-O 7. Na3 Bg4 8. h3 Bxf3 9. Qxf3 cxd4 10. cxd4 Nc6 11. Nc2 Qb6 12. Be3 Nd7 13. Qg4 Nf6 14. Qh4 d5 15. e5 Ne8 16. f4 f5 17. b3 Nc7 18. Rfc1 Ne6 19. Qf2 Rac8 20. Na3 a6 21. Rc3 Nb4 22. Rac1 Nxd3 23. Rxd3 Rxc1+ 24. Bxc1 Rc8 25. Be3 Qa5 26. Qb2 Bh6 27. g3 Qe1+ 28. Kg2 Bf8 29. Nb1 Qa5 30. a3 Nd8 31. b4 Qb5 32. Rc3 Rc4 33. Qb3 Nc6 34. Rxc4 dxc4 35. Qa2 Qd5+ 36. Kh2 Nxd4 37. Nc3 Nf3+ 38. Kg2 Qc6 0-1

[Event "December 12 Early 2023"]
[Site "https://www.chess.com"]
[Date "2023.12.12"]
[Round "5"]
[White "Berezin, Viktor"]
[Black "Souleidis, Georgios"]
[Result "1-0"]
[Board "89"]
[TimeControl "180+1"]
[WhiteFideId "14107872"]
[BlackFideId "4206827"]
[WhiteElo "2489"]
[BlackElo "2644"]
[WhiteTeam "UKR"]
[BlackTeam "GRE"]
[WhiteClock "0:00:08"]
[BlackClock "0:00:00"]

1. d4 Nf6 2. Nf3 g6 3. g3 Bg7 4. Bg2 O-O 5. O-O d6 6. a4 a5 7. Nc3 d5 8. Ne5 c6 9. e4 dxe4 10. Nxe4 Nxe4 11. Bxe4 Bh3 12. Re1 Nd7 13. Bf4 Nxe5 14. dxe5 Qb6 15. b3 Rfd8 16. Qe2 Be6 17. Rad1 Qc5 18. Bd3 h5 19. Qf1 Bg4 20. Rd2 Rd5 21. e6 Bxe6 22. Rde2 g5 23. Be3 Qc3 24. Bc4 Re5 25. Bd2 Qd4 26. Bxe6 Rxe6 27. Rxe6 fxe6 28. Bxg5 Kf7 29. Be3 Qg4 30. h3 Qf5 31. Kh2 Rd8 32. Qe2 Bf6 33. Rd1 Rd5 34. Rxd5 exd5 35. Bb6 d4 36. Qc4+ Kg6 37. Bxd4 Bxd4 38. Qxd4 Qxc2 39. Qe3 Kf6 40. g4 hxg4 41. hxg4 Qh7+ 42. Kg3 Qg6 43. Qd4+ Kf7 44. Qc4+ Qe6 45. Qf4+ Kg7 46. Qd4+ Kf7 47. Qc3 Qe5+ 48. Qxe5 1-0

[Event "December 12 Early 2023"]
[Site "https://www.chess.com"]
[Date "2023.12.12"]
[Round "5"]
[White "Koellner, Ruben Gideon"]
[Black "Dann, Matthias"]
[Result "1-0"]
[Board "90"]
[TimeControl "180+1"]
[WhiteFideId "12993093"]
[BlackFideId "24638056"]
[WhiteElo "2642"]
[BlackElo "2478"]
[WhiteTeam "GER"]
[BlackTeam "GER"]
[WhiteClock "0:01:53"]
[BlackClock "0:00:00"]

1. d4 Nf6 2. Nf3 d5 3. e3 e6 4. Nbd2 Bd6 5. Bd3 O-O 6. O-O b6 7. Ne5 c5 8. f4 Ba6 9. Qf3 Bxd3 10. cxd3 cxd4 11. exd4 Qc7 12. g4 Nc6 13. Qf2 Bxe5 14. fxe5 Nxg4 15. Qg3 f5 16. Nf3 Kh8 17. Qh4 Nh6 18. Bxh6 gxh6 19. Rac1 Rg8+ 20. Kh1 Rg6 21. Rf2 Qd7 22. Rfc2 Nb4 23. Rc7 Qe8 24. Re7 Qg8 25. Rcc7 Nxd3 26. h3 Re8 27. Red7 b5 28. Rxa7 b4 29. a4 Rc8 30. Rac7 Rxc7 31. Rxc7 Rg7 32. Qf6 Nf2+ 33. Kh2 Ne4 34. Qxg7+ Qxg7 35. Rxg7 Kxg7 36. a5 Nc3 37. bxc3 1-0

[Event "December 12 Early 2023"]
[Site "https://www.chess.com"]
[Date "2023.12.12"]
[Round "5"]
[White "Mestnikov, Aisen"]
[Black "Boyer, Mahel"]
[Result "0-1"]
[Board "91"]
[TimeControl "180+1"]
[WhiteFideId "34130117"]
[BlackFideId "45102422"]
[WhiteElo "2476"]
[BlackElo "2636"]
[WhiteTeam "RUS"]
[BlackTeam "FRA"]
[WhiteClock "0:00:15"]
[BlackClock "0:00:09"]

1. d4 Nf6 2. c4 e6 3. Nf3 c5 4. d5 d6 5. Nc3 exd5 6. cxd5 g6 7. e4 Bg7 8. Be2 Bg4 9. h3 Bxf3 10. Bxf3 O-O 11. O-O Na6 12. Bf4 Re8 13. Re1 Nd7 14. Bxd6 Qb6 15. e5 Nxe5 16. Bxe5 Bxe5 17. Qb3 Qxb3 18. axb3 Nb4 19. Re2 a6 20. Rae1 Nd3 21. Rb1 Rad8 22. Re3 Nb4 23. Rd1 Nc2 24. Re4 Nd4 25. Na4 Nxb3 26. Re3 b5 27. Rxb3 bxa4 28. Rb7 Bd6 29. Rb6 Re7 30. Rxa6 Rb7 31. Rxa4 Rxb2 32. Re4 Kg7 33. Rde1 Ra8 34. g3 Raa2 35. R4e2 c4 36. Rxb2 Rxb2 37. Rc1 Bc5 38. Rxc4 Bxf2+ 39. Kf1 Bxg3 40. Be2 Rb1+ 41. Kg2 Be5 42. Rc8 Rb2 43. Kf3 Rb3+ 44. Kg2 Rg3+ 45. Kf2 Rxh3 46. Rd8 Rh2+ 47. Kf3 Rh4 48. d6 Rd4 49. d7 Bf6 50. Re8 Rxd7 51. Bc4 Re7 52. Rc8 h5 53. Kg3 Be5+ 54. Kh3 Rc7 55. Rxc7 Bxc7 56. Kh4 Bd8+ 57. Kh3 f5 58. Bd3 Kf6 59. Kg3 Bc7+ 60. Kf3 g5 61. Kg2 g4 62. Bb5 Kg5 63. Bc6 h4 64. Bd5 f4 65. Kh1 h3 66. Kg1 f3 67. Kf2 Kf4 68. Be6 Bb6+ 69. Kf1 h2 70. Ke1 Ke3 71. Kd1 g3 72. Bh3 Kf2 73. Bf1 Kxf1 74. Kd2 f2 75. Kd3 g2 76. Ke4 g1=Q 77. Kf3 h1=Q+ 78. Kf4 Ke2 79. Ke5 Be3 80. Kd6 Qe1 81. Ke5 f1=Q 82. Ke6 Kd3 83. Ke5 Bc5# 0-1

[Event "December 12 Early 2023"]
[Site "https://www.chess.com"]
[Date "2023.12.12"]
[Round "5"]
[White "Kochiev, Ivan"]
[Black "DHLT216"]
[Result "0-1"]
[Board "92"]
[TimeControl "180+1"]
[WhiteFideId "2917890"]
[WhiteElo "2476"]
[BlackElo "2634"]
[WhiteTeam "BUL"]
[WhiteClock "0:00:02"]
[BlackClock "0:01:04"]

1. e4 c5 2. Nf3 d6 3. d4 cxd4 4. Nxd4 Nf6 5. f3 Nc6 6. c4 g6 7. Nc3 Nxd4 8. Qxd4 Bg7 9. Be3 O-O 10. Qd2 Bd7 11. Be2 Bc6 12. O-O a5 13. Rac1 Nd7 14. Rc2 a4 15. Rb1 Qa5 16. b4 axb3 17. axb3 Nf6 18. Ra2 Qc7 19. b4 Rxa2 20. Nxa2 Ra8 21. b5 Bd7 22. Nb4 Be6 23. Nd5 Bxd5 24. cxd5 Nd7 25. Rc1 Nc5 26. f4 b6 27. Bf3 Ra3 28. Bf2 Qa7 29. e5 dxe5 30. d6 Rd3 31. dxe7 Qxe7 32. Bxc5 Qxc5+ 33. Rxc5 Rxd2 34. Rc8+ Bf8 35. fxe5 Kg7 36. Kf1 Rb2 37. Bc6 Bc5 38. Rc7 Rf2+ 39. Ke1 Rf5 40. e6 Re5+ 41. Kd2 Rxe6 42. Bd5 Rd6 43. Rxf7+ Kh6 44. Rf5 gxf5 0-1

[Event "December 12 Early 2023"]
[Site "https://www.chess.com"]
[Date "2023.12.12"]
[Round "5"]
[White "Senft, Sean"]
[Black "Thorfinnsson, Bjorn"]
[Result "1-0"]
[Board "93"]
[TimeControl "180+1"]
[WhiteFideId "2044960"]
[BlackFideId "2300982"]
[WhiteElo "2473"]
[BlackElo "2624"]
[WhiteTeam "USA"]
[BlackTeam "ISL"]
[WhiteClock "0:00:24"]
[BlackClock "0:00:44"]

1. d4 d5 2. c4 e6 3. Nc3 Be7 4. cxd5 exd5 5. Nf3 c6 6. Bf4 Nf6 7. e3 Nbd7 8. Bd3 Nf8 9. O-O Ng6 10. Bg3 Nh5 11. Rc1 Nxg3 12. hxg3 O-O 13. Ne2 Be6 14. Nf4 Nxf4 15. gxf4 f6 16. Qc2 f5 17. g3 Bf6 18. Kg2 g6 19. Rh1 h5 20. Nh4 Bxh4 21. Rxh4 Kg7 22. Rch1 Rh8 23. f3 Qe7 24. g4 hxg4 25. Rxh8 gxf3+ 26. Kxf3 Rxh8 27. Rxh8 Kxh8 28. Qh2+ Qh7 29. Qxh7+ Kxh7 30. a3 Kh6 31. b4 Kh5 32. Bf1 Kh4 33. Bg2 b6 34. Bf1 Bc8 35. Bg2 Ba6 36. Kf2 Bd3 37. Bf3 a5 38. Bd1 axb4 39. axb4 g5 40. fxg5 Kxg5 41. Kg3 Bf1 42. Ba4 Bb5 43. Bxb5 cxb5 44. Kf3 f4 45. exf4+ Kf5 46. Kg3 Ke4 47. Kg4 Kxd4 48. f5 Ke5 49. Kg5 d4 50. f6 1-0

[Event "December 12 Early 2023"]
[Site "https://www.chess.com"]
[Date "2023.12.12"]
[Round "5"]
[White "Kokoszczynski, Jan"]
[Black "Perossa, Nicolas"]
[Result "1-0"]
[Board "94"]
[TimeControl "180+1"]
[WhiteFideId "1174460"]
[BlackFideId "2850520"]
[WhiteElo "2621"]
[BlackElo "2467"]
[WhiteTeam "POL"]
[BlackTeam "ITA"]
[WhiteClock "0:00:13"]
[BlackClock "0:00:01"]

1. e4 d6 2. d4 Nf6 3. Nc3 e5 4. Nf3 Nbd7 5. Bc4 Be7 6. a4 O-O 7. O-O h6 8. h3 c6 9. Bb3 Re8 10. Re1 Rf8 11. Be3 Qe8 12. Nh4 Nxe4 13. Nxe4 Bxh4 14. Nxd6 Qe7 15. Nf5 Qf6 16. Qg4 Nb6 17. Qxh4 Qxf5 18. dxe5 Nd5 19. Bxd5 cxd5 20. c3 Re8 21. Bd4 Re6 22. Qd8+ Kh7 23. Qxd5 Rg6 24. Qe4 Qxe4 25. Rxe4 Bxh3 26. g3 Bf5 27. Re3 a6 28. a5 Rd8 29. Kg2 Be6 30. Rh1 Bd5+ 31. f3 Bc6 32. Kf2 Rd5 33. b4 Rd7 34. g4 Bd5 35. Rh5 Rc6 36. f4 Rg6 37. Kg3 Kg8 38. f5 Rc6 39. g5 hxg5 40. Rxg5 Rh6 41. Re1 Kh7 42. Rxg7+ Kxg7 43. e6+ Kh7 44. exd7 Rd6 45. Re8 Rxd7 46. Rh8# 1-0

[Event "December 12 Early 2023"]
[Site "https://www.chess.com"]
[Date "2023.12.12"]
[Round "5"]
[White "Kotyk, Michael"]
[Black "Eden, James"]
[Result "1-0"]
[Board "95"]
[TimeControl "180+1"]
[WhiteFideId "16214501"]
[BlackFideId "666491"]
[WhiteElo "2464"]
[BlackElo "2621"]
[WhiteTeam "GER"]
[BlackTeam "FRA"]
[WhiteClock "0:00:20"]
[BlackClock "0:00:41"]

1. e4 c5 2. c3 Nf6 3. e5 Nd5 4. Bc4 Nb6 5. Bb3 c4 6. Bc2 Nc6 7. Nf3 g6 8. d4 cxd3 9. Qxd3 Bg7 10. Bf4 O-O 11. O-O d5 12. exd6 e5 13. Bg5 f6 14. Be3 Bf5 15. Bb3+ Kh8 16. Qd1 Na5 17. Na3 Nxb3 18. axb3 Qd7 19. Nc4 Nxc4 20. bxc4 b6 21. c5 bxc5 22. Bxc5 Rfc8 23. b4 Bf8 24. Ra6 Rc6 25. Qa1 Bd3 26. Rxc6 Qxc6 27. Rd1 e4 28. Nd4 Qd5 29. c4 Qxc4 30. Nc6 Qe6 31. Qd4 Bb5 32. d7 Bxc5 33. d8=Q+ Rxd8 34. Qxd8+ Kg7 35. bxc5 Bxc6 36. Qc7+ Kh6 37. Qf4+ g5 38. Qd6 Qxd6 39. Rxd6 1-0